← All builds
Beach sea / Cortex / Economy first / OBSERVED BUILD

Standard beach sea

The role's usual play: com goes to sea to build a shipyard around 2 minutes, pumping frigates and destroyers to contest enemy sea entry or hold vision, with an advanced metal extractor around 10 minutes as the transition into the team's…

Usually shipyard first (94%)

#naval #eco · 729 distinct matches · 102 players · 84% of Cortex Beach sea games · team won 55% of 789 · Recently observed

HOW TO PLAY IT

Key timing: Shipyard by 1:57

  1. Open 3 mex and wind while com heads straight to sea.
  2. Drop Shipyard fast, before 2:00, to seize early sea presence.
  3. Push "frigate" out to contest enemy sea entry or hold vision.
  4. Add "destroyer" as the fleet grows.
  5. Transition into Advanced Metal Extractor to catch up on eco.

Phase by phase

TYPICAL OF ITS 729 GAMES
  1. 1
  2. 2
  3. 3
PLAY THE OPENING

Follow the example game's first 6:00 step by step: what to build now, what comes next, and where it goes. At 1× it keeps pace with your own game.

  1. 1

    Up to the Shipyard

    Economy
    • Metal Extractor3Mex
    • Wind Turbine3Windfor allies
    • Wind Turbine2Wind
    • Energy Storage1Energy storage
    Order
    1. ShipyardShipyard after 3 mex, 2 wind, 1 energy storagedone ~1:57, middle half 1:45–2:08

    By 1:41 in all: 3 mex · 2 wind · 1 energy storage

    The example game in this phase · 6 steps
    1. Mex ×3
    2. Wind ×2
    3. Wind ×3for Air
    4. Wind
    5. Energy storage
    6. ShipyardShipyarddone 1:57 · typical 1:57
  2. 2

    Shipyard to 5:00

    Economy
    • Metal Extractor5Mex
    • Tidal Generator1Tidal
    Builders
    • Construction Ship2 Con ship
    Army
    • Riptide2 Frigate
    • Herring1 Missile corvette
    • Oppressor1 Destroyer
    Other
    • Naval Radar / Sonar Tower1 Naval Radar / Sonar Tower

    Some games also: Urchin (42%) · wind (41%) · submarine (40%) · con turret (35%) · gunboat (34%)

    By 5:00 in all: 8 mex · 3 wind · 2 tidal · 1 energy storage

    The example game in this phase · 17 steps
    1. Construction ShipCon ship
    2. OppressorDestroyerdone 2:49 · typical 5:09
    3. Mex
    4. HerringMissile corvette
    5. Mex ×2
    6. GuardGuard
    7. RiptideFrigatedone 3:39 · typical 3:51
    8. Mex
    9. Wind
    10. RiptideFrigate
    11. Wind
    12. RiptideFrigate
    13. Mex
    14. Wind
    15. RiptideFrigate
    16. Wind
    17. RiptideFrigate
  3. 3

    5:00 to 10:00

    Economy
    • Metal Extractor1Mex
    • Wind Turbine10Wind
    Builders
    • Death Cavalry1 Death Cavalry
    • Construction Ship1 Con ship
    Army
    • Riptide5 Frigate
    • Oppressor2 Destroyer
    • Herring2 Missile corvette
    Other
    • Naval Radar / Sonar Tower1 Naval Radar / Sonar Tower

    Some games also: Urchin (50%) · Naval Construction Turret (47%) · Guard (47%) · Radar Tower (41%) · tidal (38%)

    By 10:00 in all: 9 mex · 12 wind · 4 wind · 4 tidal · 1 energy storage · 1 Naval Construction Turret

    The example game in this phase · 108 steps
    1. Wind
    2. Construction ShipCon ship
    3. Wind
    4. OppressorDestroyer
    5. Wind ×2
    6. HerringMissile corvette
    7. RiptideFrigate
    8. Con turret
    9. RiptideFrigate ×2
    10. Advanced Metal ExtractorT2 mexdone 8:12
    11. RiptideFrigate
    12. Wind
    13. Construction ShipCon ship
    14. HerringMissile corvette
    15. Wind
    16. HerringMissile corvette
    17. Naval Metal Storage
    18. HerringMissile corvette
    19. Wind
    20. Con turret
    21. Advanced Metal ExtractorT2 mex
    22. Construction ShipCon ship
    23. Wind
    24. BeholderBeholder
    25. Naval Construction Turret
    26. Wind ×3
    27. Advanced Metal ExtractorT2 mex
    28. Naval Radar / Sonar TowerNaval Radar / Sonar Tower
    29. Mex
    30. Wind
    31. Naval Construction Turret
    32. Advanced Metal ExtractorT2 mex
    33. Tidal
    34. Wind
    35. Mex
    36. Tidal ×8
    37. Naval Radar / Sonar TowerNaval Radar / Sonar Tower
    38. Tidal ×2
    39. Wind
    40. Tidal ×2
    41. Wind
    42. Tidal
    43. Naval Construction Turret
    44. Wind
    45. Naval Construction Turret
    46. Wind
    47. Naval Construction Turret
    48. Wind
    49. Naval Construction Turret
    50. Wind
    51. Advanced ShipyardAdvanced Shipyarddone 11:48
    52. Wind
    53. Advanced Metal ExtractorT2 mex
    54. Wind
    55. Tidal
    56. GuardGuard
    57. Wind
    58. Tidal ×4
    59. Naval Radar / Sonar TowerNaval Radar / Sonar Tower
    60. Wind
    61. Tidal ×5
    62. Radar TowerRadar Tower
    63. Advanced Construction SubAdvanced Construction Sub
    64. Wind
    65. Tidal
    66. BeholderBeholder
    67. PathfinderPathfinder
    68. Tidal
    69. Wind
    70. Advanced Metal ExtractorT2 mex
    71. PathfinderPathfinder
    72. Tidal
    73. Wind
    74. PathfinderPathfinder
    75. BeholderBeholder
    76. Wind
    77. Naval Advanced Metal ExtractorNaval Advanced Metal Extractordone 12:55
    78. Tidal ×3
    79. PathfinderPathfinder
    80. OasisOasis
    81. Tidal
    82. Wind ×2
    83. Tidal
    84. Wind ×2
    85. Naval Advanced Metal ExtractorNaval Advanced Metal Extractor
    86. Black HydraBlack Hydranot finished by 15:00
    87. Wind ×2
    88. Naval Construction Turret
    89. Wind
    90. Naval Construction Turret
    91. Wind
    92. Naval Construction Turret
    93. Wind
    94. Naval Advanced Metal ExtractorNaval Advanced Metal Extractor
    95. Wind ×2
    96. Mex
    97. Wind
    98. Mex
    99. Wind
    100. GuardGuard
    101. Wind
    102. Radar TowerRadar Tower
    103. Wind
    104. GuardGuard
    105. Wind
    106. GuardGuard
    107. Naval Advanced Metal ExtractorNaval Advanced Metal Extractor
    108. Wind

Counts are medians over the build's games: half of them build more, half fewer. The example game is Waboum's (49 OS, 30/08/2026); pick another.

Team trades

IN AT LEAST 30% OF ITS GAMES

You hand over

  • Wind Turbine3 Wind to Airfirst at 1:54 · in 79% of games

You get

  • Finch1 Finch from Airfirst at 1:58 · in 81% of games
  • Lazarus1 Lazarus from Geofirst at 2:14 · in 62% of games
  • Hephaestus1 Heavy transport from Airfirst at 2:16 · in 68% of games
  • Construction Bot1 Con bot from Geofirst at 2:29 · in 69% of games
  • Hercules1 Light transport from Airfirst at 2:35 · in 31% of games
  • Advanced Construction Bot1 T2 con bot from Techfirst at 8:09 · in 88% of games

How it plays out

Typical game of this build, running totals by minute

Metal produced

010k20k30k
0:005:0010:0015:00

metal

Enemy metal destroyed

05k10k
0:005:0010:0015:00

metal

Own metal lost

02.5k5k7.5k
0:005:0010:0015:00

metal

789 games.

Show as table
ByMetal produced: This buildEnemy metal destroyed: This buildOwn metal lost: This build
1:0040300
2:0093700
3:00156300
4:002522050
5:003699194100
6:005026532250
7:0064731100588
8:00808018571041
9:00968328851621
10:001160240232345
11:001382252273090
12:001635262003851
13:001911172574621
14:002186583045721
15:002487692656531
WHAT THE NUMBERS SAY

Standard Beach sea wins more than Geo sea's 50% and gets its Shipyard up faster, using early sea access before falling behind on land resources.

  • + Shipyard finishes by 1:57, faster than Geo sea's 3:18
  • + 54% team win rate beats the Cortex geo sea baseline
  • − Metal produced trails Geo sea's Cortex build, 24356 vs 28451 by 15:00
  • − T2 factory only lands in 35% of games by 12:42
THE EXAMPLE YOU ARE READING

Waboum

49.4 OS · 30/08/2026

Open source match ↗

6 received units · includes a constructor
374 metal received · 40906 energy received

Allied construction assistance is unknown. Timings are observations, not a promise of solo reproducibility.

Typical milestones

Shipyard1:57Middle 50%: 1:45–2:08 · n=787
Riptide3:51Middle 50%: 3:15–4:31 · n=782
Oppressor5:09Middle 50%: 4:11–6:07 · n=764
Advanced Metal Extractor9:57Middle 50%: 9:15–10:53 · n=667

Played most by

EpicTyrannus68games of this buildDamsko64games of this buildWaboum64games of this buildPRO_HYDRA54games of this buildMrCoolPotato51games of this build